Map: Belladone EC

Players

DRG - Winner!

  • Race: Zerg Zerg
  • League: Master
  • Spawn Location: 5:00

SpeCial

  • Race: Terran Terran
  • League: Grandmaster
  • Spawn Location: 11:00

VOD

Have the link to the VOD?

Description

Time

  • Played on: Jan. 16, 2020, 5:28 a.m.
  • Length: 13:53
Show
View Real Time Build Order
Export as new Build Order

DRG Zerg - Winner!

Build Orders: Hatch First 

Get SALT Encoding   

  12  0:01  Drone  
  13  0:12  Overlord  
  13  0:16  Drone  
  14  0:30  Drone  
  14  0:31  Drone  
  16  0:48  Hatchery  
  15  0:51  Drone  
  15  0:54  Drone  
  17  0:57  Drone  
  18  1:10  Extractor  
  17  1:13  Spawning Pool  
  17  1:17  Drone  
  17  1:20  Drone  
  18  1:28  Drone  
  19  1:39  Drone  
  20  1:49  Overlord  
  20  2:00  Queen x2  
  20  2:01  Zergling x4  
  26  2:13  Drone x2  
  26  2:15  Metabolic Boost  
  28  2:26  Drone  
  29  2:30  Overlord  
  29  2:35  Zergling x4  
  29  2:36  Queen  
  33  2:43  Overlord  
  33  2:52  Drone, Queen  
  33  2:55  Drone x2  
  38  3:05  Overlord  
  38  3:08  Drone  
  38  3:12  Roach Warren  
  38  3:16  Drone x3  
  41  3:23  Zergling x4  
  43  3:29  Overlord  
  43  3:46  Hatchery  
  42  3:53  Roach x4  
  50  3:58  Roach x2  
  54  4:04  Roach  
  54  4:06  Overlord  
  55  4:14  Zergling x8  
  59  4:19  Overlord  
  59  4:23  Overlord  
  59  4:26  Zergling x2  
  59  4:27  Zergling x2  
  59  4:30  Zergling x4  
  63  4:32  Ravager  
  64  4:42  Zergling x8  
  63  4:57  Zergling x10  
  67  5:05  Drone x4  
  67  5:12  Drone x3  
  66  5:20  Drone x5  
  67  5:25  Drone  
  65  5:33  Drone  
  65  5:34  Drone x2  
  65  5:37  Lair, Spore Crawler  
  65  5:39  Spore Crawler  
  65  5:40  Spore Crawler  
  65  5:41  Drone x2  
  64  5:44  Drone x2  
  64  5:46  Drone  
  64  5:49  Drone  
  68  5:52  Drone  
  68  5:54  Extractor x2, Drone  
  68  5:56  Drone  
  69  6:02  Drone  
  70  6:04  Drone  
  70  6:06  Drone  
  70  6:10  Drone x6  
  78  6:13  Drone x2  
  78  6:14  Drone  
  81  6:19  Overlord  
  81  6:20  Queen  
  81  6:23  Drone x2  
  85  6:29  Drone x2  
  84  6:33  Extractor, Drone  
  84  6:36  Glial Reconstitution  
  84  6:38  Drone x5  
  84  6:39  Evolution Chamber  
  88  6:40  Extractor, Drone, Evolution Chamber  
  88  6:41  Extractor  
  88  6:42  Drone  
  88  6:44  Drone x2  
  88  6:46  Roach  
  91  6:49  Roach x2  
  97  6:54  Roach  
  97  6:55  Overlord x2  
  97  7:05  Overlord x2  
  97  7:08  Zerg Ground Armor Level 1, Zerg Missile Weapons Level 1  
  97  7:10  Overlord  
  97  7:14  Roach  
  97  7:15  Roach x2  
  105  7:23  Roach x4  
  105  7:27  Roach x2  
  115  7:30  Roach x2  
  119  7:39  Roach  
  119  7:43  Hatchery  
  119  7:45  Roach x4  
  127  7:51  Overlord x2  
  127  7:54  Overlord  
  127  7:55  Overlord  
  127  8:02  Roach x4  
  127  8:04  Overlord  
  134  8:15  Roach x6  
  143  8:21  Roach x3  
  143  8:24  Ravager  
  143  8:25  Ravager x8  
  152  8:29  Zergling x6  
  152  8:33  Overseer  
  155  8:34  Ravager  
  155  8:36  Zergling x8  
  155  8:40  Zergling x8  
  164  8:41  Ravager  
  164  8:45  Zergling x6  
  166  8:51  Zergling x2  
  166  8:52  Zergling x8  
  166  8:55  Queen  
  162  8:59  Zergling x6  
  163  9:04  Zergling x2  
  163  9:05  Zergling x6  
  167  9:10  Queen  
  154  9:19  Drone x6  
  161  9:33  Roach x4  
  161  9:34  Roach x2  
  157  9:39  Zerg Missile Weapons Level 2  
  157  9:41  Zerg Ground Armor Level 2  
  157  9:45  Roach x4  
  163  9:47  Ravager x2  
  163  9:50  Overseer  
  163  9:52  Roach x3  
  171  9:54  Overlord  
  171  9:57  Overlord  
  171  10:03  Roach x2  
  171  10:06  Overlord x2  
  171  10:07  Overlord x2  
  175  10:17  Roach  
  175  10:18  Roach x6  
  175  10:21  Ravager x3  
  192  10:22  Overlord x2  
  192  10:28  Baneling Nest  
  192  10:30  Zergling x8  
  192  10:31  Zergling x4  
  192  10:34  Zergling x2  
  192  10:35  Zergling x4  
  198  10:51  Zergling x6  
  134  11:11  Roach x15  
  134  11:15  Roach  
  134  11:16  Roach x5  
  146  11:20  Roach  
  146  11:22  Centrifical Hooks  
  146  11:23  Roach  
  146  11:24  Roach x5  
  156  11:27  Ravager x2  
  156  11:28  Roach x2  
  163  11:32  Roach  
  163  11:33  Roach x2  
  163  11:34  Ravager x4  
  163  11:35  Overseer  
  167  11:42  Roach x4  
  175  11:47  Ravager  
  175  11:48  Ravager  
  175  11:51  Zergling x14  
  184  11:55  Zergling x2  
  184  11:56  Zergling x6  
  184  11:59  Zergling x8  
  192  12:03  Zergling x8  
  192  12:04  Baneling  
  192  12:05  Baneling x3  
  192  12:06  Baneling  
  196  12:13  Zergling x6  
  178  12:26  Zergling x30  
  164  12:30  Zergling x2  
  162  12:43  Zergling x14  
  164  12:49  Zergling x2  
  164  12:50  Zergling x8  
  163  12:59  Baneling x13  
  163  13:00  Baneling x2  
  163  13:01  Baneling x2  
  163  13:02  Baneling x2  
  163  13:07  Zergling x10  
  163  13:09  Baneling  
  163  13:10  Baneling x3  
  169  13:12  Zergling x2  
  169  13:13  Zergling x4, Hatchery  
  169  13:17  Zergling x8  
  151  13:28  Zergling x2  
  151  13:29  Zergling x22  
  152  13:35  Zergling x10  
Show
View Real Time Build Order
Export as new Build Order

SpeCial Terran 

Build Orders:  

Get SALT Encoding   

  12  0:01  SCV  
  13  0:13  SCV  
  14  0:18  Supply Depot  
  14  0:25  SCV  
  15  0:40  SCV  
  15  0:41  Barracks  
  16  0:44  Refinery  
  16  0:52  SCV  
  17  1:00  Barracks  
  17  1:04  SCV  
  18  1:16  SCV  
  19  1:28  Orbital Command, Reaper  
  20  1:46  Reaper  
  21  1:48  Supply Depot  
  21  1:55  SCV  
  22  2:04  Reaper  
  23  2:09  SCV  
  23  2:12  Command Center  
  24  2:17  Refinery  
  24  2:18  Marine  
  24  2:21  SCV  
  26  2:35  SCV  
  26  2:36  Marine  
  28  2:41  Factory  
  28  2:43  Marine  
  29  2:45  Supply Depot  
  29  2:47  SCV  
  30  2:59  SCV  
  31  3:11  SCV  
  32  3:23  Command Center  
  32  3:27  Starport  
  32  3:28  SCV  
  32  3:30  Factory Tech Lab  
  32  3:33  Orbital Command  
  33  3:40  SCV  
  34  3:41  Barracks Tech Lab  
  34  3:48  Barracks Reactor  
  34  3:52  SCV  
  34  3:54  Barracks  
  35  3:59  Factory Reactor  
  35  4:00  SCV  
  35  4:02  Marine  
  37  4:05  SCV  
  38  4:12  SCV  
  38  4:15  Banshee  
  42  4:17  SCV  
  42  4:19  Marine  
  42  4:23  Supply Depot  
  44  4:24  SCV, Marine x2  
  44  4:29  SCV  
  48  4:36  SCV  
  49  4:42  Orbital Command  
  49  4:43  Marine x2  
  49  4:45  SCV  
  52  4:48  SCV  
  52  4:52  Marine  
  51  4:55  Marine  
  51  4:56  Marine  
  51  4:57  SCV  
  51  4:59  Banshee  
  56  5:00  Marine x2, SCV  
  56  5:02  Factory Reactor  
  57  5:09  SCV  
  57  5:10  Marine  
  57  5:13  Marine x2  
  57  5:18  Marine  
  54  5:26  SCV  
  55  5:34  Supply Depot  
  55  5:37  Barracks Tech Lab  
  55  5:38  Barracks Reactor  
  55  5:39  SCV x2  
  55  5:40  SCV  
  57  5:48  Engineering Bay  
  57  5:51  SCV, Engineering Bay  
  57  5:56  Stimpack  
  58  5:58  SCV x2, Supply Depot  
  60  6:04  Medivac x2  
  60  6:06  Refinery  
  60  6:08  SCV, Refinery  
  60  6:10  SCV  
  66  6:14  Marine x2, Supply Depot  
  66  6:15  Marine  
  66  6:17  Marine x2  
  71  6:20  SCV  
  71  6:22  SCV  
  71  6:24  Orbital Command  
  73  6:29  Terran Infantry Armor Level 1  
  73  6:32  Marine, SCV  
  75  6:35  Terran Infantry Weapons Level 1  
  75  6:37  SCV, Supply Depot  
  76  6:40  Marine  
  76  6:45  Supply Depot  
  76  6:46  SCV  
  78  6:48  Marine  
  78  6:49  SCV  
  78  6:50  Marine, Siege Tank  
  78  6:51  Marine  
  78  6:53  SCV  
  86  6:57  Marine  
  86  6:58  SCV  
  86  6:59  Supply Depot  
  88  7:01  SCV  
  88  7:03  Marine, Barracks  
  88  7:05  SCV, Barracks  
  88  7:06  Marine  
  92  7:08  Marine  
  92  7:10  SCV  
  92  7:11  Supply Depot  
  92  7:13  SCV  
  92  7:15  Medivac  
  97  7:17  SCV, Supply Depot, Medivac  
  97  7:22  SCV  
  99  7:25  Marine x3, SCV  
  99  7:26  Marine  
  99  7:29  SCV  
  105  7:35  Combat Shield  
  105  7:45  Medivac  
  105  7:47  Medivac  
  105  7:48  Marine x2  
  105  7:49  Marine  
  112  7:57  Barracks Reactor x2  
  112  7:59  Marine x2, Supply Depot  
  112  8:00  Supply Depot  
  112  8:05  Barracks, Siege Tank  
  117  8:06  Marine x3  
  117  8:07  Barracks  
  117  8:11  Barracks  
  116  8:15  SCV x2, Medivac  
  116  8:16  Marine  
  116  8:17  Marine  
  117  8:21  Armory  
  117  8:24  Marine x3  
  117  8:26  SCV  
  118  8:33  Marine x3  
  121  8:34  Marine x2  
  121  8:37  Marine  
  121  8:38  Medivac  
  126  8:42  Marine x3  
  126  8:43  SCV x3, Supply Depot  
  126  8:46  Medivac  
  130  8:50  Marine  
  130  8:51  Marine x2  
  130  8:52  Marine x2  
  128  8:57  Siege Tank  
  128  9:00  Marine  
  128  9:01  Marine  
  128  9:02  Marine x3  
  134  9:04  Marine x2  
  134  9:08  Marine x2  
  134  9:09  Marine x2  
  138  9:10  Marine  
  130  9:19  Marine  
  130  9:20  Marine, Terran Infantry Weapons Level 2  
  130  9:22  Orbital Command  
  131  9:26  Terran Infantry Armor Level 2  
  129  9:32  Marine  
  122  9:41  Supply Depot  
  122  9:42  Marine x3, Supply Depot  
  125  10:03  Marine x10, Siege Tank  
  125  10:04  Marine  
  139  10:08  Supply Depot  
  139  10:17  Supply Depot  
  139  10:20  Marine x2  
  141  10:26  Supply Depot  
  141  10:27  Supply Depot  
  141  10:29  Marine x8  
  141  10:30  Marine  
  141  10:31  Supply Depot  
  148  10:38  Marine x2  
  148  10:39  Siege Tank  
  153  10:47  Marine x8  
  153  10:48  Marine  
  162  10:56  Marine x2  
  128  11:04  Marine x3  
  128  11:05  Marine x5  
  128  11:06  Marine  
  128  11:08  Medivac  
  128  11:11  Siege Tank  
  123  11:14  Marine x2  
  111  11:22  Marine x4  
  111  11:23  Marine x4  
  111  11:24  Marine  
  119  11:26  Medivac  
  119  11:32  Marine x2  
  123  11:37  Supply Depot  
  123  11:40  Marine x2, Barracks Reactor  
  123  11:41  Marine x3  
  123  11:42  Barracks Reactor  
  123  11:43  Siege Tank  
  123  11:45  Barracks Reactor  
  131  11:47  Barracks Reactor  
  131  11:50  Marine x2  
  131  11:51  Sensor Tower  
  131  11:53  Medivac  
  135  11:56  Medivac  
  135  11:58  Marine x5  
  142  12:07  Marine x2  
  144  12:15  Siege Tank  
  147  12:16  Marine x5  
  147  12:17  Marine  
  147  12:18  Marine  
  147  12:21  Marine  
  141  12:25  Marine x2  
  141  12:26  Marine  
  105  12:32  Orbital Command  
  105  12:34  Marine x5  
  105  12:35  Marine  
  105  12:36  Marine  
  102  12:38  Marine x2  
  102  12:40  Marine x2  
  102  12:41  Marine  
  102  12:43  Marine x3  
  106  12:47  SCV x2, Siege Tank  
  106  12:51  Marine x2  
  106  12:52  Marine x3  
  106  12:53  Marine  
  106  12:54  Marine  
  106  12:56  Marine x2  
  106  12:57  Marine  
  106  12:58  Marine x2  
  116  12:59  SCV  
  116  13:01  Marine x2  
  116  13:03  Marine  
  121  13:09  Marine x2  
  121  13:10  Marine  
  121  13:11  Marine  
  125  13:15  Marine x2  
  125  13:16  Marine x3  
  125  13:19  Marine  
  109  13:28  Marine  
  95  13:35  Marine  
Tags
 
Add a new tag
Caveats
  • Supply blocks, unpowered buildings, or Contaminate may cause inaccurate times.
  • Supply counts are checked every 10 seconds.